 Dungeon Crawl Stone Soup version 0.25.0-11-g1f837a76a1 (webtiles) character file.

Game seed: 13971687920360790672

3046 Esekla the Magician (level 9, -4/56 HPs)
             Began as an Octopode Necromancer on June 27, 2020.
             Was an Initiate of Gozag.
             Slain by a hornet (17 damage)
             ... on level 8 of the Dungeon.
             The game lasted 01:00:51 (8921 turns).

Esekla the Magician (Octopode Necromancer)          Turns: 8921, Time: 01:00:52

Health: -4/56      AC:  1    Str:  9    XL:     9   Next: 87%
Magic:  16/18      EV: 16    Int: 25    God:    Gozag
Gold:   529        SH:  0    Dex: 12    Spells: 16/21 levels left

rFire    . . .     SeeInvis .   a - +4 falchion
rCold    + . .     Gourm    .   (no shield)
rNeg     . . .     Faith    .   (helmet restricted)
rPois    .         Spirit   .   (no amulet)
rElec    .         Reflect  .   l - ring of protection from cold
rCorr    .         Harm     .   i - +6 ring of intelligence
MR       .....                  (no ring)
Stlth    ++++......             (no ring)
HPRegen  0.18/turn              (no ring)
MPRegen  0.16/turn              (no ring)
                                (no ring)
                                (no ring)

@: hasted and slowed
A: almost no armour, stealthy swim, amphibious, 8 rings, constrict 8, camouflage
1, gelatinous body 1
a: Potion Petition, Call Merchant, Bribe Branch, Renounce Religion


You were on level 8 of the Dungeon.
You worshipped Gozag.
Gozag was pleased with you.
You were not hungry.

You visited 2 branches of the dungeon, and saw 9 of its levels.

You collected 633 gold pieces.
You paid 104 gold pieces to Gozag.

Inventory:

Hand Weapons
 a - a +4 falchion (weapon)
 c - the +1 long sword "Paco" {chaos, Str+3}
   (You found it on level 5 of the Dungeon)

   Each time it hits an enemy it has a different, random effect.
   It affects your strength (+3).
 d - a +0 dagger
 t - a +0 trident
 C - a +1 vampiric hand axe
Missiles
 w - 5 boomerangs
 y - 3 poisoned darts (quivered)
Jewellery
 i - a +6 ring of intelligence (right tentacle)
 l - a ring of protection from cold (left tentacle)
Wands
 q - a wand of paralysis (12)
 x - a wand of digging (4)
Scrolls
 e - 3 scrolls of teleportation
 g - 3 scrolls of amnesia
 h - a scroll of fear {unknown}
 k - a scroll of immolation {unknown}
 n - 2 scrolls of random uselessness {unknown}
 u - a scroll of blinking {unknown}
 v - 2 scrolls of magic mapping
 A - 6 scrolls of remove curse
 F - 3 scrolls of enchant weapon
Potions
 j - a potion of flight {unknown}
 m - a potion of lignification {unknown}
 o - 2 potions of curing
 p - 2 potions of resistance {unknown}
 r - a potion of ambrosia {unknown}
 z - a potion of cancellation {unknown}
 B - a potion of heal wounds {unknown}
 E - a potion of stabbing {unknown}
Comestibles
 b - 18 rations


   Skills:
 + Level 3.1 Fighting
 + Level 1.1(4.1) Short Blades
 * Level 6.2(6.3) Long Blades
 + Level 0.9 Throwing
 * Level 6.0 Dodging
 + Level 4.5 Stealth
 * Level 6.6 Spellcasting
 * Level 1.8 Hexes
 + Level 6.5 Necromancy
 * Level 1.6 Translocations


You had 16 spell levels left.
You knew the following spells:

 Your Spells              Type           Power        Failure   Level  Hunger
a - Apportation           Tloc           ###...       3%          1    None
d - Vampiric Draining     Necr           #####.....   1%          3    None
i - Corona                Hex            ###....      3%          1    None

Your spell library contained the following spells:

 Spells                   Type           Power        Failure   Level  Hunger
 Animate Skeleton         Necr           N/A          1%          1    None
 Pain                     Necr           ####         1%          1    None
 Animate Dead             Necr           N/A          4%          4    ###....
 Foxfire                  Conj/Fire      #...         7%          1    None
 Summon Small Mammal      Summ           #...         7%          1    None
 Agony                    Necr           #####...     13%         5    #####..
 Cause Fear               Hex            ###.......   32%         4    ###....
 Dragon Form              Tmut           #.........   100%        7    #######
 Dragon's Call            Summ           #.........   100%        9    #######


Dungeon Overview and Level Annotations

Branches:
Dungeon (8/15)             Temple (1/1) D:7
   Lair: D:8-11

Altars:
Ashenzari
Cheibriados
Dithmenos
Fedhas
Gozag
Hepliaklqana
Makhleb
Nemelex Xobeh
Okawaru
Ru
Sif Muna
Trog
Uskayaw
Vehumet
Xom
Yredelemnul
Zin
The Shining One

Annotations:
D:8 Joseph


Innate Abilities, Weirdness & Mutations

You cannot wear most types of armour.
You are very stealthy in the water. (Stealth+)
You are amphibious.
You can wear up to eight rings at the same time.
You can use your tentacles to constrict eight enemies at once.
Your skin changes colour to match your surroundings (Stealth+).
Your rubbery body absorbs attacks. (AC +1, EV +1)


Message History

You feel as though you will be slow longer.
You can move again.
The leopard gecko barely misses you. The hornet stings you!
* * * LOW HITPOINT WARNING * * *
You feel as though you will be slow longer.
The leopard gecko bites you but does no damage.
You feel better. The hornet closely misses you.
You riposte.
You miss the hornet. Your grab misses the hornet.
The hornet is moderately wounded.
The leopard gecko closely misses you. The hornet misses you.
You riposte.
You barely miss the hornet. Your grab misses the hornet.
You squeeze the hornet.
The hornet is heavily wounded.
The leopard gecko bites you.
* * * LOW HITPOINT WARNING * * *
The hornet barely misses you.
Found a curved brass wand.
Found an escape hatch in the ceiling.
You feel yourself speed up. The hornet stings you!
You die...
Your body crumbles into a pile of gold.

./ ..# .< ... ..#.# .. ..# #.#.#
#. #.# ####.#.# #. #.# #......#
#. #.# #......#
##########.####.##!###......#####
...K..))..>.....@yl..............
...####.##.####.##F###...<.......
...# #K.. ......................
#### #..........#.######........
#............. .......## ##
#..........#.# .......# .#
#.K........#.. ........# .#
#......... ### #.......#
.######.## #... #.......#


You could see a hornet, a bullfrog and a leopard gecko.

Vanquished Creatures
  A hippogriff (D:7)
  2 yaks (D:7)
  A human (D:6)
  2 hogs
  2 orc warriors
  A sky beast (D:5)
  An ice beast (D:6)
  2 ogres
  A phantom (D:5)
  A centaur (D:7)
  A crocodile (D:7)
  A big kobold (D:8)
  A bullfrog (D:6)
  A scorpion (D:4)
  3 wights (D:6)
  5 howler monkeys
  A centaur zombie (D:7)
  3 crimson imps
  A jelly (D:6)
  3 hounds
  An orc priest (D:7)
  6 orc wizards
  An iron imp (D:7)
  3 iguanas
  7 worker ants
  3 adders
  2 shadow imps
  2 worms (D:3)
  2 dart slugs
  6 leopard geckos
  35 orcs
  6 giant cockroaches
  4 goblins
  9 hobgoblins
  9 jackals
  5 quokkas
  2 ball pythons
  7 bats
  5 frilled lizards
  10 kobolds
  A quokka skeleton (D:5)
  4 rats
164 creatures vanquished.

Notes
Turn   | Place    | Note
-------+----------+-------------------------------------------
     0 | D:1      | Esekla the Octopode Necromancer began the quest for the
                  | Orb.
     0 | D:1      | Reached XP level 1. HP: 11/11 MP: 3/3
   436 | D:1      | Reached XP level 2. HP: 15/18 MP: 0/5
   678 | D:1      | Reached skill level 1 in Fighting
   757 | D:1      | Reached XP level 3. HP: 23/23 MP: 7/7
  1135 | D:1      | Learned a level 3 spell: Vampiric Draining
  1740 | D:2      | Found a radiant altar of Vehumet.
  1835 | D:2      | Reached XP level 4. HP: 21/28 MP: 1/8
  1951 | D:2      | Found a sacrificial altar of Ru.
  2761 | D:4      | Found a hazy altar of Hepliaklqana.
  2844 | D:4      | Reached XP level 5. HP: 14/34 MP: 2/10
  3144 | D:4      | You fall into a shaft and drop 2 floors!
  3228 | D:5      | Entered Level 5 of the Dungeon
  3297 | D:5      | Found an iron altar of Okawaru.
  3303 | D:5      | Noticed an ogre
  3377 | D:3      | Reached XP level 6. HP: 15/39 MP: 4/11
  4136 | D:4      | Found a glowing silver altar of Zin.
  4453 | D:5      | Reached skill level 1 in Short Blades
  4721 | D:5      | Got a translucent long sword
  4722 | D:5      | Identified the cursed +1 long sword "Paco" {chaos, Str+3}
                  | (You found it on level 5 of the Dungeon)
  4755 | D:5      | Noticed a sky beast
  4764 | D:5      | Reached XP level 7. HP: 36/45 MP: 6/13
  4768 | D:5      | HP: 1/45 [sky beast (6)]
  5152 | D:5      | Reached skill level 5 in Necromancy
  5381 | D:6      | Reached skill level 1 in Long Blades
  5450 | D:6      | Reached skill level 5 in Spellcasting
  5600 | D:6      | Reached XP level 8. HP: 41/50 MP: 11/15
  6642 | D:7      | Found a staircase to the Ecumenical Temple.
  6654 | Temple   | Entered the Ecumenical Temple
  6696 | Temple   | Became a worshipper of Gozag Ym Sagoz the Greedy
  6887 | D:7      | Reached skill level 5 in Dodging
  7132 | D:7      | Noticed a yak
  7132 | D:7      | Noticed a yak
  7228 | D:6      | Reached skill level 5 in Long Blades
  7228 | D:6      | Reached XP level 9. HP: 48/55 MP: 7/17
  7494 | D:7      | Learned a level 1 spell: Apportation
  7496 | D:7      | Learned a level 1 spell: Corona
  7850 | D:7      | Found a snail-covered altar of Cheibriados.
  7876 | D:7      | Reached skill level 1 in Translocations
  8590 | D:8      | Noticed Joseph
  8619 | D:8      | Reached skill level 1 in Hexes
  8654 | D:8      | Noticed a two-headed ogre
  8906 | D:8      | Noticed a hornet
  8916 | D:8      | Paralysed by a hornet for 2 turns
  8921 | D:8      | Slain by a hornet

Illustrated notes

Levels and vault maps discovered:
D:1:      matt_arrival_spirals, layout_basic
D:2:      layout_rooms, vehumet_crystals, nicolae_ru_sacrificial_ziggurat
D:3:      layout_rooms
D:4:      layout_rooms, lemuel_coloured_pillars_altar, lemuel_doored_altar,
          first_ration
D:5:      layout_rooms, okawaru_gym_becter
D:6:      layout_basic
D:7:      layout_layer_cave, slow_altar_1, minmay_temple_entry_grid,
          grunt_livestock
D:8:      layout_basic, uniq_joseph
Temple:   eino_temple_scatter_basement

Skill      XL: |  1  2  3  4  5  6  7  8  9 |
---------------+----------------------------+-----
Fighting       | 1 2 3 |  3.1
Spellcasting   | 3 4 5 6 |  6.6
Dodging        | 3 4 5 6 |  6.0
Short Blades   | 1 |  1.1
Necromancy     | 5 6 |  6.5
Long Blades    | 2 5 6 |  6.2
Stealth        | 3 4 |  4.5
Translocations | 1 |  1.6
Hexes          | 1 |  1.8
Throwing       | |  0.9

Action                   |  1- 3 |  4- 6 |  7- 9 || total
-------------------------+-------+-------+-------++-------
Melee: Dagger            |    69 |   121 |     2 ||   192
       Constrict         |    20 |    39 |    53 ||   112
       Tentacles         |     8 |    24 |    45 ||    77
       Long sword        |       |     6 |    80 ||    86
       Falchion          |       |       |   101 ||   101
Throw: Boomerang         |       |     4 |     1 ||     5
       Dart              |       |       |    13 ||    13
 Cast: Pain              |    15 |       |       ||    15
       Vampiric Draining |     6 |    26 |    49 ||    81
       Apportation       |       |       |     1 ||     1
  Use: Scroll            |       |       |     7 ||     7
       Potion            |       |       |     2 ||     2
 Stab: Sleeping          |     7 |     9 |     5 ||    21
       Paralysed         |       |     1 |     2 ||     3
       Distracted        |       |       |     2 ||     2
       Petrifying        |       |       |     1 ||     1
  Eat: Chunk             |     4 |    10 |     7 ||    21
       Ration            |       |       |     3 ||     3
Armor: Skin              |     5 |    13 |     7 ||    25
Dodge: Dodged            |    48 |    92 |   162 ||   302
       Rpst.: Long sword |       |     1 |    22 ||    23
       Falchion          |       |       |    31 ||    31
